 Dungeon Crawl Stone Soup version 0.23.2-40-g277498a001 (webtiles) character file.

Game seed: 12077256540815128487

240 Descartes the Shield-Bearer (level 6, -5/48 HPs)
             Began as a Formicid Fighter on Sept 8, 2019.
             Killed from afar by an oklob plant (16 damage)
             ... with a splash of acid
             ... on level 3 of the Dungeon.
             The game lasted 00:08:45 (2649 turns).

Descartes the Shield-Bearer (Formicid Fighter)      Turns: 2649, Time: 00:08:45

Health: -5/48      AC: 14    Str: 24    XL:     6   Next: 30%
Magic:  7/7        EV:  3    Int:  7    God:
Gold:   156        SH: 10    Dex: 12    Spells: 5/5 levels left

rFire    + . .     SeeInvis +   A - +1 hand axe (chop)
rCold    + . .     Gourm    .   c - +0 shield
rNeg     . . .     Faith    .   y - +0 gold dragon scales (curse)
rPois    +         Spirit   .   (helmet unavailable)
rElec    .         Reflect  .   (no cloak)
rCorr    .         Harm     .   (no gloves)
MR       .....                  (no boots)
Stlth    ..........             (no amulet)
HPRegen  0.16/turn              m - ring of flight
MPRegen  0.10/turn              u - +3 ring of strength

@: no status effects
A: permanent stasis, dig shafts and tunnels, four strong arms, antennae 3
a: Dig, Shaft Self, Evoke Flight


You were on level 3 of the Dungeon.
You were hungry.

You visited 1 branch of the dungeon, and saw 3 of its levels.

You collected 156 gold pieces.

Inventory:

Hand Weapons
 a - a +0 war axe
 g - a +3 hunting sling
 v - a +0 short sword of venom
 A - a +1 hand axe of chopping (weapon)
Missiles
 h - 29 poisoned needles
 i - 58 stones (quivered)
 k - 5 tomahawks
 q - 42 arrows
Armour
 c - a +0 shield (worn)
 y - cursed +0 gold dragon scales (worn)
Jewellery
 m - a ring of flight (left hand)
 u - a +3 ring of strength (right hand)
Scrolls
 e - 3 scrolls of teleportation {unknown}
 l - 2 scrolls of identify {unknown}
 n - a scroll of random uselessness {unknown}
 p - a scroll of blinking {unknown}
 s - 3 scrolls of remove curse {unknown}
Potions
 d - a potion of might
 j - 3 potions of brilliance {unknown}
 o - a potion of haste {unknown}
 r - a potion of degeneration {unknown}
 t - a potion of ambrosia {unknown}
 w - a potion of curing {unknown}
 x - a potion of flight {unknown}
 z - 2 potions of agility {unknown}
Comestibles
 b - 4 chunks of flesh
 f - 5 rations


   Skills:
 + Level 4.0 Fighting
 + Level 2.9 Axes
 * Level 4.4 Armour
 + Level 1.5 Dodging
 * Level 5.2 Shields
 + Level 1.5 Evocations


You had 5 spell levels left.
You didn't know any spells.
Your spell library was empty.

Dungeon Overview and Level Annotations

Branches:
Dungeon (3/15)

Altars:
Fedhas
Kikubaaqudgha

Annotations:
D:3 exclusion: oklob plant


Innate Abilities, Weirdness & Mutations

You cannot be hasted, slowed, berserked, paralysed or teleported.
You can dig through walls and to a lower floor.
Your four strong arms can wield two-handed weapons with a shield.
You have a pair of large antennae on your head. (SInv)


Message History

You hit the plant but do no damage. x2
The oklob plant spits acid at you. The splash of acid hits you.
You are splashed with acid!
You see here a ration.
You hit the oklob plant.
The oklob plant is lightly damaged.
You hit the plant but do no damage. The oklob plant spits acid at you.
The splash of acid hits you but does no damage.
You are splashed with acid!
You hit the oklob plant but do no damage.
The oklob plant is lightly damaged.
You hit the plant but do no damage. The oklob plant spits acid at you.
The splash of acid hits you but does no damage.
You are splashed with acid!
* * * LOW HITPOINT WARNING * * *
The oklob plant spits acid at you. The splash of acid hits you!
You die... .......#####.##.# #.# ...#.### #.##.####.# .#.#.# #.##.##...# .##### ############### .# PP#♣#PPPP#PPP♣P#PP#

.#.♣P♣P.#P.PPPPPP.P.P#
.#♣PPP♣PPP.PPP♣P#.%P.#
.#P♣#P#P.P#PPP.PP..%P#
.#PPPPP.......♣.@P.PP#
.#PPP...≈≈≈≈≈....P..P#
.#.P♣..≈≈≈≈≈≈≈..PPPP.#
.#♣#..≈≈≈≈≈≈≈≈≈...P.P#
.# ♣.≈≈≈≈≈≈≈≈≈≈≈.P.PP#
.###.≈≈≈≈...≈≈≈≈.P#PP#
.....≈≈≈≈._......P♣.P#
.###.≈≈≈≈...≈≈≈≈.PP#P#
.#PP.≈≈≈≈≈≈≈≈≈≈≈.♣P P#


You could see an oklob plant.

Vanquished Creatures
  A scorpion (D:3)
  Terence (D:3)
  Natasha (thrice) (D:3)
  3 adders
  A dart slug (D:3)
  3 leopard geckos
  4 orcs (D:3)
  6 bats
  A giant cockroach (D:2)
  7 goblins
  9 hobgoblins
  2 ball pythons
  9 frilled lizards
  8 kobolds
  4 rats
  2 fungi (D:3)
  A plant (D:2)
65 creatures vanquished.

Notes
Turn   | Place    | Note
-------+----------+-------------------------------------------
     0 | D:1      | Descartes the Formicid Fighter began the quest for the Orb.
     0 | D:1      | Reached XP level 1. HP: 18/18 MP: 1/1
   196 | D:1      | Reached XP level 2. HP: 23/24 MP: 2/2
   270 | D:1      | Reached skill level 4 in Shields
   804 | D:2      | Reached XP level 3. HP: 29/29 MP: 3/3
  1745 | D:3      | Reached XP level 4. HP: 27/35 MP: 4/4
  1759 | D:3      | Noticed Terence
  1768 | D:3      | Killed Terence
  1768 | D:3      | Reached skill level 1 in Dodging
  1947 | D:3      | Reached skill level 1 in Evocations
  1947 | D:3      | Reached XP level 5. HP: 28/42 MP: 5/5
  1948 | D:3      | Found an ancient bone altar of Kikubaaqudgha.
  2171 | D:3      | Noticed Natasha
  2177 | D:3      | Killed Natasha
  2177 | D:3      | Reached skill level 5 in Shields
  2302 | D:3      | Noticed Natasha
  2303 | D:3      | Found a blossoming altar of Fedhas.
  2308 | D:3      | Killed Natasha
  2308 | D:3      | Reached XP level 6. HP: 45/48 MP: 5/7
  2328 | D:3      | Noticed Natasha
  2335 | D:3      | Killed Natasha
  2626 | D:3      | Noticed an oklob plant
  2649 | D:3      | Killed from afar by an oklob plant

Skill      XL: |  1  2  3  4  5  6 |
---------------+-------------------+-----
Shields        | 4 5 |  5.2
Dodging        | 1 |  1.5
Armour         | 4 |  4.4
Evocations     | 1 |  1.5
Fighting       | 4 |  4.0
Axes           | |  2.9

Action                   |  1- 3 |  4- 6 || total
-------------------------+-------+-------++-------
Melee: War axe           |   149 |    24 ||   173
       Hand axe          |       |    82 ||    82
 Abil: Dig               |     3 |     1 ||     4
  Eat: Chunk             |     3 |     3 ||     6
Armor: Scale mail        |    48 |       ||    48
       Gold dragon scale |    38 |    45 ||    83
Dodge: Dodged            |    43 |     8 ||    51
Block: Shield            |    86 |    44 ||   130
